 Dungeon Crawl Stone Soup version 0.27-a0-1228-gfd60fd639a (webtiles) character file.

Game seed: 13761005470352511222

56 dickylongcocking the Magician (level 4, -3/31 HPs)
             Began as a Djinni Fire Elementalist on June 7, 2021.
             Slain by a bullfrog zombie (5 damage)
             ... on level 3 of the Dungeon.
             The game lasted 00:01:13 (3638 turns).

dickylongcocking the Magician (DjFE)                Turns: 3638, Time: 00:01:13

Health: -3/31      AC:  2    Str:  7    XL:     4   Next: 17%
Gold:   99         EV: 13    Int: 17    God:
                   SH:  0    Dex: 18

rFire    + + .     SeeInvis .   e - +1 short sword (drain)
rCold    x . .     Faith    .   (no shield)
rNeg     . . .     Spirit   .   a - +0 robe
rPois    ∞         Reflect  .   (no helmet)
rElec    .         Harm     .   (no cloak)
rCorr    .         Rampage  .   (no gloves)
Will     .....                  (boots unavailable)
Stlth    ++........             (no amulet)
HPRegen  0.10/turn              g - +6 ring of dexterity
MPRegen  0.00/turn              (no ring)

@: flying, very slightly contaminated
A: sickness immunity, fire resistance 2, cold vulnerability 1, float, innate
caster, hp casting, extra vitality 1, clumsy 1
a: no special abilities


You were on level 3 of the Dungeon.
You visited 1 branch of the dungeon, and saw 3 of its levels.

You collected 99 gold pieces.

Inventory:

Hand Weapons
 e - a +1 short sword of draining (weapon)
Armour
 a - a +0 robe (worn)
Jewellery
 g - a +6 ring of dexterity (left hand)
Scrolls
 c - a scroll of teleportation {unknown}
 d - a scroll of identify {unknown}
 f - a scroll of enchant armour {unknown}
 h - a scroll of fear {unknown}
 i - a scroll of fog {unknown}
Potions
 b - 2 potions of mutation


   Skills:
 + Level 0.1 Fighting
 + Level 0.1 Short Blades
 + Level 2.5 Dodging
 + Level 2.2 Stealth
 + Level 0.3 Unarmed Combat
 + Level 3.1 Spellcasting


You couldn't memorise any spells.
You knew the following spells:

 Your Spells              Type           Power      Damage    Failure   Level
a - Foxfire               Conj/Fire      52%        2x1d6     4%          1
b - Conjure Flame         Conj/Fire      13%        6-21      14%         3
c - Inner Flame           Hex/Fire       13%        N/A       14%         3
d - Sticky Flame          Conj/Fire      13%        2d4       43%         4
e - Fireball              Conj/Fire      6%         3d5       78%         5
f - Sandblast             Erth           26%        2d8       4%          1
Your spell library was empty.

Dungeon Overview and Level Annotations

Branches:
Dungeon (2/15)

Altars:


Innate Abilities, Weirdness & Mutations

You are immune to sickness and miasma.
You are immune to poison.
Your flesh is very heat resistant. (rF++)
You are vulnerable to cold. (rC-)
You float through the air rather than walking.
You learn spells naturally, not from books.
Your magical power is your life essence.
You have superior vitality. (+4 HP)
You are clumsy. (Dex -2)


Message History

You hit the kobold.
You kill the kobold!
The bullfrog zombie hits you.
The bullfrog zombie completely misses you.
You hit the bullfrog zombie.
The bullfrog zombie is lightly damaged.
The bullfrog zombie hits you.
You barely miss the bullfrog zombie.
The bullfrog zombie is lightly damaged.
The bullfrog zombie hits you. The bullfrog zombie hits you.
The bullfrog zombie barely misses you.
Things that are here:
a +0 club; 4 stones; a kobold corpse You are too injured to fight recklessly!
Casting: Foxfire (safe; 4% risk of failure)
Confirm with . or Enter, or press ? or * to list all spells.
You conjure some foxfire!
The bullfrog zombie hits you.
Unknown command.
Unknown command.
Casting: Foxfire (safe; 4% risk of failure)
Confirm with . or Enter, or press ? or * to list all spells.
The spell is potentially lethal to cast (43% risk of failure)!
Continue anyway?
Aiming: Sticky Flame (potentially lethal; 43% risk of failure)
Press: ? - help, Shift-Dir - straight line, f - bullfrog zombie
Aim: a bullfrog zombie (lightly damaged, ally target, 100% to hit)
You miscast Sticky Flame.
You are very lightly contaminated with residual magic.
Heat runs through your body. You resist.
* * * LOW HITPOINT WARNING * * *
x2 The foxfire hits the bullfrog zombie.
The bullfrog zombie is moderately damaged.
The foxfire hits the bullfrog zombie.
The bullfrog zombie is moderately damaged.
The bullfrog zombie hits you.
* * * LOW HITPOINT WARNING * * *
Unknown command.
It was a potion of mutation.
You feel extremely strange.
You feel clumsy. The bullfrog zombie hits you.
You die...

# #. ## #.
#.##.#(###.
#.#.>...#.
#........#
#........##
#.........#
#.....§..##.#
#...@.......
##...Z####.#
###.## #.#
#.# #.# #.#
#.# #.# ##
#.# #.#
#####.


You could see a bullfrog zombie.

Vanquished Creatures
  2 adders
  A dart slug (D:1)
  5 endoplasms
  2 goblins (D:1)
  2 hobgoblins
  3 jackals (D:2)
  2 quokkas (D:1)
  6 ball pythons
  3 bats
  3 frilled lizards
  4 kobolds
  4 rats
37 creatures vanquished.

Vanquished Creatures (others)
  113 foxfires
113 creatures vanquished.

Grand Total: 150 creatures vanquished

Notes
Turn   | Place    | Note
-------+----------+-------------------------------------------
     0 | D:1      | dickylongcocking the Djinni Fire Elementalist began the
                  | quest for the Orb.
     0 | D:1      | Reached XP level 1. HP: 15/15 MP: 0/0
   353 | D:1      | Reached XP level 2. HP: 14/21 MP: 0/0
  1581 | D:1      | Reached XP level 3. HP: 17/25 MP: 0/0
  1581 | D:1      | Learned a level 1 spell: Sandblast
  1794 | D:1      | Reached skill level 3 in Spellcasting
  3382 | D:2      | You are sucked into a shaft and drop 1 floor!
  3540 | D:3      | Reached XP level 4. HP: 26/31 MP: 0/0
  3638 | D:3      | Gained mutation: You are clumsy. (Dex -2) [potion of
                  | mutation]
  3638 | D:3      | Slain by a bullfrog zombie

Illustrated notes

Levels and vault maps discovered:
D:1:      tarquinn_simple_flora_water_b, layout_loops_ring
D:2:      layout_basic
D:3:      layout_loops_ring, basic_ecumenical_altar, grunt_decor_arrowhead,
          minmay_cut_off, uniq_terence, uniq_sigmund

Skill      XL: |  1  2  3 |
---------------+----------+-----
Stealth        | 2 |  2.2
Spellcasting   | 3 |  3.1
Fighting       | |  0.1
Short Blades   | |  0.1
Dodging        | |  2.5
Unarmed Combat | |  0.3

Action                   |  1- 3 |  4- 6 || total
-------------------------+-------+-------++-------
Melee: Unarmed           |    23 |       ||    23
       Short sword       |    25 |     4 ||    29
 Cast: Foxfire           |    77 |     1 ||    78
  Use: Potion            |       |     1 ||     1
 Stab: Sleeping          |     3 |       ||     3
Armor: Robe              |     8 |       ||     8
Dodge: Dodged            |    47 |     4 ||    51

Table legend: (Time is in decaauts)
 A = Elapsed time spent in this place.
 B = Non-inter-level travel time spent in this place.
 C = Inter-level travel time spent in this place.
 D = Time resting spent in this place.
 E = Time spent auto-exploring this place.
 F = Levels seen in this place.
 G = Mean time per level.
                   A        B        C        D        E       F      G
               +--------+--------+--------+--------+--------+-----+--------+
         Total |   3639 |   3606 |     33 |    650 |   2663 |   3 | 1213.0 |
       Dungeon |   3639 |   3606 |     33 |    650 |   2663 |   3 | 1213.0 |
               +--------+--------+--------+--------+--------+-----+--------+

Top non-repeatable levels by time:
     D:1: 2086 daAuts
     D:2: 1295 daAuts
     D:3: 257 daAuts
